 Dungeon Crawl Stone Soup version 0.13.1-36-g052d4d5 (console) character file.

10259 dragonspawn the Severer (level 11, 0/84 HPs)
             Began as a Centaur Berserker on Mar 25, 2014.
             Was a High Priest of Trog.
             Slain by an orc (4 damage)
             ... on Level 4 of the Orcish Mines.
             The game lasted 00:38:59 (4516 turns).

dragonspawn the Severer (Centaur Berserker)         Turns: 4516, Time: 00:38:59

HP   0/84        AC 16     Str 20      XL: 11   Next: 25%
MP  16/16        EV  2     Int  9      God: Trog [*****.]
Gold 634         SH  0     Dex 14      Spells:  0 memorised, 10 levels left

Res.Fire  : . . .   See Invis. : .   F - +2,+1 orc war axe (curse)
Res.Cold  : . . .   Warding    : .   s - +4 plate armour
Life Prot.: . . .   Conserve   : .   (no shield)
Res.Poison: .       Res.Corr.  : .   x - +0 helmet
Res.Elec. : .       Clarity    : .   i - +0 cloak
Sust.Abil.: . .     Spirit.Shd : .   b - +1 pair of gauntlets
Res.Mut.  : .       Stasis     : .   (no barding)
Res.Rott. : .       Flight     : .   (no amulet)
Saprovore : . . .                    E - ring of magical power
                                     D - +5 ring of dexterity

@: very quick, somewhat resistant to hostile enchantments, extremely unstealthy
A: hooves 3, deformed body, herbivore 1, speed 2, fast metabolism 1, tough skin
3
a: Burn Spellbooks, Berserk, Trog's Hand, Brothers in Arms, Renounce Religion


You were on level 4 of the Orcish Mines.
You worshipped Trog.
Trog was extremely pleased with you.
You were not hungry.

You visited 2 branches of the dungeon, and saw 14 of its levels.

You collected 952 gold pieces.
You spent 338 gold pieces at shops.

Inventory:

Hand weapons
 h - a +0,+0 quarterstaff of freezing
 r - a -1,+0 orcish battleaxe
 A - a +1,+1 orcish war axe
 F - a cursed +2,+1 orcish war axe (weapon)
 I - a -1,+0 orcish battleaxe
Missiles
 t - a throwing net [torn] (quivered)
 z - a throwing net
Armour
 b - a +1 pair of gauntlets (worn)
 g - a +0 spiked helmet
 i - a +0 cloak (worn)
 s - a +4 plate armour (worn)
 x - a +0 helmet (worn)
 B - a +0 troll hide
Comestibles
 c - 4 bread rations
Scrolls
 a - 2 scrolls of fear {unknown}
 e - a scroll of remove curse {unknown}
 f - a scroll of random uselessness {unknown}
 k - a scroll of fog {unknown}
 m - a scroll of amnesia {unknown}
 q - 2 scrolls of enchant armour {unknown}
 y - 2 scrolls of teleportation
Jewellery
 d - an uncursed ring of ice
 n - an uncursed amulet of stasis
 D - a +5 ring of dexterity (left hand)
 E - a ring of magical power (right hand)
Potions
 l - a potion of might
 o - a potion of restore abilities
 p - a potion of invisibility
 u - 2 potions of heal wounds
 w - a potion of brilliance
 G - 5 potions of curing
 H - a potion of speed
 J - a potion of magic
Books
 v - a book of Conjurations

   Spells                             Type                      Level
   Magic Dart                         Conjuration                  1
   Searing Ray                        Conjuration                  2
   Dazzling Spray                     Conjuration/Hexes            3
   Iskenderun's Mystic Blast          Conjuration                  4
   Iskenderun's Battlesphere          Conjuration/Charms           4
   Fulminant Prism                    Conjuration/Hexes            5
   Trog disapproves of the use of such an item.
 C - a book of Envenomations

   Spells                             Type                      Level
   Spider Form                        Transmutation/Poison         3
   Poison Weapon                      Charms/Poison                3
   Summon Scorpions                   Summoning/Poison             4
   Olgreb's Toxic Radiance            Poison                       4
   Poisonous Cloud                    Conjuration/Poison/Air       6
   Trog disapproves of the use of such an item.


   Skills:
 - Level 3.0 Fighting
 + Level 15.5 Axes
 - Level 1.3 Armour
 - Level 1.3 Dodging


You had 10 spell levels left.
You didn't know any spells.

Dungeon Overview and Level Annotations

Branches:
Dungeon (10/27)            Temple (0/1) D:7             Orc (4/4) D:10
    Elf (0/3) Orc:3
   Lair: D:8-13

Altars:
Ashenzari
Elyvilon
Nemelex Xobeh
Vehumet
Zin
the Shining One
Beogh

Shops:
D:8 !   Orc:3 %

Annotations:
D:7 Eustachio
D:9 Prince Ribbit
Orc:2 Maurice
Orc:4 Joseph


Innate Abilities, Weirdness & Mutations

You have hooves in place of feet.
Armour fits poorly on your strangely shaped body.
You digest meat inefficiently.
You cover ground very quickly.
You have a fast metabolism.
You have extremely tough skin (AC +3).


Message History

You feel less resistant to hostile enchantments.
The orc priest shouts!
The ogre shouts!
The orc shouts!
The orc warrior hits you with an orcish great mace!
The orc hits you but does no damage.
The orc priest looks braver.
The orc warrior completely misses you. The orc hits you but does no damage.
An orc warlord comes into view. It is wielding an orcish war axe.
There is a stone staircase leading up, spattered with blood here.
The orc warlord shouts!
The orc priest mumbles some strange prayers to Beogh against you.
Something smites you!
* * * LOW HITPOINT WARNING * * *
The orc warrior hits you with an orcish great mace!
* * * LOW HITPOINT WARNING * * *
Joseph shoots a sling bullet of frost.
The sling bullet of frost hits you!
* * * LOW HITPOINT WARNING * * *
The orc warrior hits you with an orcish halberd!
* * * LOW HITPOINT WARNING * * *
The orc hits you.
You die...

......#..##
.............
#............#
..............
...............
.............$..
.......#.#.......
#.$...o........o
#.o@..O..oo..
#.....#o#.##@..ho..
... #.$$<.......o
#.................
.............o..
................
.##............
.............
...........


You could see an orc warlord, Joseph, 2 orc warriors, an ogre, a warg
(wandering), an orc priest and 3 orcs.

Vanquished Creatures
  Fannar (Orc:3)
  The ghost of dragonspawn the Cleaver, an experienced CeBe of Trog (Orc:1)
  An orc high priest (Orc:2)
  Erolcha (D:8)
  Pikel (D:4)
  An orc sorcerer (Orc:2)
  An orc knight (Orc:2)
  2 trolls (Orc:2)
  3 yaks (D:10)
  A wolf (D:8)
  A hill giant skeleton (D:10)
  A black bear (D:7)
  3 sky beasts
  11 orc warriors
  2 ice beasts (Orc:3)
  A phantom (D:7)
  2 slaves (D:4)
  3 ogres
  3 centaurs
  Duvessa (D:7)
  5 wargs
  Blork the orc (D:7)
  A gnoll sergeant (D:7)
  A wyvern zombie (D:7)
  3 giant frogs
  A manticore zombie (D:7)
  Dowan (D:7)
  14 orc priests
  A black bear zombie (D:6)
  A giant frog skeleton (D:6)
  A crimson imp (D:10)
  18 orc wizards
  4 hounds
  4 iguanas
  A killer bee zombie (D:8)
  3 worker ants (D:4)
  An ogre skeleton (D:4)
  6 gnolls
  A worm zombie (D:7)
  6 adders
  2 worms (D:6)
  A giant eyeball (D:5)
  4 giant geckos
  An ooze (D:2)
  121 orcs
  2 bat zombies
  4 giant cockroaches
  12 goblins
  8 hobgoblins
  4 jackals
  7 kobolds
  3 quokkas
  4 bats
  A giant newt (D:1)
  A goblin skeleton (Orc:2)
  An orc skeleton (Orc:2)
  An orc zombie (Orc:2)
  5 rats
  5 ballistomycetes
302 creatures vanquished.

Vanquished Creatures (others)
  A hippogriff (D:8)
  An orc priest (D:4)
  An orc (Orc:2)
  A hobgoblin (D:8)
  2 giant spores
  A goblin (D:4)
7 creatures vanquished.

Grand Total: 309 creatures vanquished

Notes
Turn   | Place    | Note
--------------------------------------------------------------
     0 | D:1      | dragonspawn, the Centaur Berserker, began the quest for the Orb.
     0 | D:1      | Reached XP level 1. HP: 19/19 MP: 0/0
   126 | D:1      | Reached XP level 2. HP: 19/26 MP: 1/1
   341 | D:2      | Reached XP level 3. HP: 15/33 MP: 2/2
   352 | D:2      | Acquired Trog's second power
   496 | D:4      | Noticed Pikel
   496 | D:4      | Noticed a slave
   496 | D:4      | Noticed a slave
   496 | D:4      | Noticed a slave
   496 | D:4      | Noticed a slave
   507 | D:4      | Killed Pikel
   507 | D:4      | Reached skill level 7 in Axes
   507 | D:4      | Reached XP level 4. HP: 21/39 MP: 2/2
   507 | D:4      | Reached XP level 5. HP: 24/45 MP: 3/3
   507 | D:4      | Reached XP level 6. HP: 27/52 MP: 4/4
   508 | D:4      | Killed a freed slave
   511 | D:4      | Killed a freed slave
   593 | D:4      | Noticed an ogre
   597 | D:4      | Killed an ogre
   597 | D:4      | Reached XP level 7. HP: 18/58 MP: 4/4
   613 | D:4      | Found a white marble altar of Elyvilon.
   754 | D:4      | Reached skill level 8 in Axes
   844 | D:5      | Entered Level 5 of the Dungeon
  1112 | D:5      | Paralysed by a giant eyeball for 2 turns
  1280 | D:6      | Reached skill level 9 in Axes
  1280 | D:6      | Reached XP level 8. HP: 64/66 MP: 5/5
  1442 | D:6      | Found a radiant altar of Vehumet.
  1447 | D:6      | Found a sparkling altar of Nemelex Xobeh.
  1447 | D:6      | Found a shattered altar of Ashenzari.
  1645 | D:6      | Reached skill level 10 in Axes
  1649 | D:6      | Acquired Trog's third power
  1776 | D:7      | Noticed Duvessa
  1776 | D:7      | Noticed Dowan
  1785 | D:7      | Killed Dowan
  1790 | D:7      | Killed Duvessa
  1856 | D:7      | Found a glowing golden altar of the Shining One.
  1971 | D:7      | Reached skill level 11 in Axes
  1971 | D:7      | Reached XP level 9. HP: 47/71 MP: 6/6
  2070 | D:7      | Noticed Blork the orc
  2083 | D:7      | Killed Blork the orc
  2164 | D:7      | Found a staircase to the Ecumenical Temple.
  2204 | D:7      | Noticed Eustachio
  2221 | D:8      | Noticed Erolcha
  2287 | D:8      | Found Amoerol's Distillery.
  2352 | D:8      | Bought a potion of paralysis for 12 gold pieces
  2352 | D:8      | Bought a potion of invisibility for 66 gold pieces
  2352 | D:8      | Bought a potion of heal wounds for 36 gold pieces
  2352 | D:8      | Bought a potion of might for 30 gold pieces
  2352 | D:8      | Bought a potion of curing for 24 gold pieces
  2352 | D:8      | Bought a potion of curing for 24 gold pieces
  2352 | D:8      | Bought a potion of speed for 66 gold pieces
  2398 | D:8      | Reached skill level 12 in Axes
  2419 | D:8      | Found a glowing silver altar of Zin.
  2532 | D:8      | Killed Erolcha
  2773 | D:8      | Noticed Prince Ribbit
  2794 | D:10     | Entered Level 10 of the Dungeon
  2979 | D:10     | Reached skill level 13 in Axes
  2980 | D:10     | Reached XP level 10. HP: 78/78 MP: 6/6
  3079 | D:10     | Found a staircase to the Orcish Mines.
  3088 | Orc:1    | Entered Level 1 of the Orcish Mines
  3246 | Orc:2    | Noticed an orc knight
  3309 | Orc:2    | Killed an orc knight
  3310 | Orc:2    | Reached skill level 14 in Axes
  3439 | Orc:2    | Noticed an orc high priest
  3439 | Orc:2    | HP: 5/117 [orc warrior/orcish war axe (17)]
  3537 | Orc:2    | Noticed an orc sorcerer
  3538 | Orc:2    | Noticed Maurice
  3623 | Orc:2    | HP: 4/117 [troll[an orc high priest] (9)]
  3692 | Orc:2    | Killed an orc high priest
  3897 | Orc:1    | Noticed dragonspawn's ghost (experienced CeBe)
  3912 | Orc:2    | Noticed a sixfirhy
  3928 | Orc:1    | Killed dragonspawn's ghost
  3928 | Orc:1    | Reached skill level 15 in Axes
  3928 | Orc:1    | Reached XP level 11. HP: 84/84 MP: 7/7
  4029 | Orc:2    | Killed an orc sorcerer
  4112 | Orc:3    | Found a roughly hewn altar of Beogh.
  4116 | Orc:3    | Noticed Fannar
  4144 | Orc:3    | Killed Fannar
  4245 | Orc:3    | Found Prabb's Food Shoppe.
  4253 | Orc:3    | Bought a bread ration for 40 gold pieces
  4253 | Orc:3    | Bought a bread ration for 40 gold pieces
  4303 | Orc:3    | Found a staircase to the Elven Halls.
  4397 | Orc:3    | Received a gift from Trog
  4448 | Orc:4    | Entered Level 4 of the Orcish Mines
  4448 | Orc:4    | Noticed an orc warlord
  4483 | Orc:4    | Noticed Joseph
  4516 | Orc:4    | Noticed an orc warlord
  4516 | Orc:4    | HP: 4/84 [orc warrior/orcish halberd[an orc warlord] (7)]
  4516 | Orc:4    | Slain by an orc

Action                   |  1- 3 |  4- 6 |  7- 9 | 10-12 || total
-------------------------+-------+-------+-------+-------++-------
Melee: Hand axe          |    64 |    14 |    22 |       ||   100
       War axe           |       |       |   271 |   248 ||   519
Throw: Throwing net      |       |       |     3 |       ||     3
Invok: Berserk           |     2 |     1 |    13 |    11 ||    27
       Trog's Hand       |       |       |    12 |    13 ||    25
  Use: Scroll            |       |       |     6 |       ||     6
       Potion            |       |       |     2 |       ||     2
 Stab: Invisible         |       |       |     3 |       ||     3
